 Dungeon Crawl Stone Soup version 0.31-a0-261-g072fdb8a1f (webtiles) character file.

Game seed: 8436918670247706397

157 qw the Shooter (level 5, -1/31 HPs)
             Began as a Gargoyle Hexslinger on July 13, 2023.
             Slain by a gnoll
             ... wielding a +0 spear
              (6 damage)
             ... on level 3 of the Dungeon.
             The game lasted 00:00:40 (1807 turns).

qw the Shooter (Gargoyle Hexslinger)                Turns: 1807, Time: 00:00:40

Health: -1/31      AC:  9    Str: 11    XL:     5   Next: 38%
Magic:  6/6        EV: 11    Int: 14    God:
Gold:   196        SH:  0    Dex: 14    Spells: 5/6 levels left

rFire   . . .        Y - +1 sling
rCold   . . .        (no shield)
rNeg    + . .        e - +0 leather armour
rPois   inf          (no helmet)
rElec   +            (no cloak)
rCorr   .            i - +1 pair of gloves
SInv    .            (no boots)
Will    +....        (no amulet)
Stlth   +            b - ring of willpower
HPRegen 0.25/turn    (no ring)
MPRegen 0.10/turn

%: no passive effects
@: no status effects
A: sickness immunity, AC +4, negative energy resistance 1, electricity
resistance, torment resistance 1, petrification resistance
a: no special abilities


You were on level 3 of the Dungeon.
You visited 1 branch of the dungeon, and saw 4 of its levels.

You collected 196 gold pieces.


Innate Abilities, Weirdness & Mutations

You are immune to sickness and miasma.
Your stone body is resilient. (AC +4)
You are immune to poison.
You resist negative energy. (rN+)
You are resistant to electric shocks. (rElec)
You are resistant to unholy torment.
You are immune to petrification.


   Skills:
 + Level 2.3 Fighting
 - Level 5.0 Ranged Weapons
 - Level 1.5 Dodging
 - Level 1.0 Spellcasting
 - Level 2.6 Hexes


You had 5 spell levels left.
You knew the following spells:

 Your Spells              Type           Power      Damage    Failure   Level
a - Slow                  Hex            32%        N/A       12%         1

Your spell library contained the following spells:

 Spells                   Type           Power      Damage    Failure   Level
 Inner Flame              Hex/Fire       4%         N/A       52%         3
 Portal Projectile        Hex/Tloc       8%         N/A       52%         3
 Cause Fear               Hex            4%         N/A       75%         4

Inventory:

Hand Weapons
 Y - a +1 sling (weapon)
Armour
 e - a +0 leather armour (worn)
 i - a +1 pair of gloves (worn)
Jewellery
 b - a ring of willpower (left hand)
Potions
 a - a potion of brilliance {unknown}
 c - a potion of enlightenment {unknown}
 d - a potion of haste {unknown}
 h - a potion of lignification {unknown}
 j - a potion of might {unknown}

Dungeon Overview and Level Annotations

Branches:
Dungeon (4/15)
 Temple: D:4-7

Altars:


Message History

An endoplasm comes into view.
You shoot a sling bullet. The endoplasm quivers.
The gnoll shouts!
The sling bullet hits the ball python.
You kill the ball python!
The bat hits you but does no damage. The endoplasm freezes you.
You are frozen.
A frilled lizard comes into view.
You shoot a sling bullet. The sling bullet hits the gnoll.
The gnoll is lightly wounded.
The bat barely misses you. The gnoll hits you with a +0 whip.
The endoplasm freezes you.
You are frozen.
You shoot a sling bullet. The sling bullet hits the gnoll!
The gnoll is severely wounded.
The bat barely misses you. The gnoll hits you with a +0 whip.
The endoplasm freezes you.
You are frozen.
You shoot a sling bullet. The sling bullet hits the gnoll.
You kill the gnoll!
The bat misses you. The endoplasm freezes you.
You are frozen.
The adder bites you but does no damage.
An orc comes into view.
It is wielding a +1 whip of electrocution.
The endoplasm closely misses you. The gnoll closely misses you.
Your Ranged Weapons skill increases to level 5!
You shoot a sling bullet.
The sling bullet closely misses the adder.
The sling bullet barely misses the gnoll.
The orc shouts!
The adder closely misses you. The bat completely misses you.
The gnoll hits you from afar with a +0 spear.
The endoplasm closely misses you. The adder bites you.
You shoot a sling bullet. The sling bullet hits the adder!
The adder is severely wounded.
The bat hits you but does no damage. The adder closely misses you.
The gnoll hits you from afar with a +0 spear.
You die...

### ..# .<# ..#
#### .. .....
.#
.##..J##.#####.
....ggS@.......
.....gJ.>..####
.....l.....#
.....b.....#
#o.........#
.....[.....#
..........##
.#....##......
......
..##.#.##.....
......


You could see 3 gnolls, an adder, an orc, 2 endoplasms, a bat and a frilled
lizard.

Vanquished Creatures
  A jelly (D:4)
  An orc priest (D:2)
  A sleepcap (D:4)
  A gnoll (D:3)
  An adder (D:2)
  A worm (D:2)
  2 dart slugs
  4 orcs (D:2)
  6 ball pythons
  6 endoplasms
  5 hobgoblins
  2 quokkas
  A bat (D:1)
  A frilled lizard (D:1)
  5 goblins
  6 kobolds
  A rat (D:1)
45 creatures vanquished.

Notes
Turn   | Place    | Note
-------+----------+-------------------------------------------
     0 | D:1      | qw the Gargoyle Hexslinger began the quest for the Orb.
     0 | D:1      | Reached XP level 1. HP: 12/12 MP: 2/2
     0 | D:1      | 0 ||| qw: Version: 0.3-a-52-g30416fa
     0 | D:1      | 0 ||| qw: Game counter: 6986
     0 | D:1      | 0 ||| qw: Melee chars always use a shield: true
     0 | D:1      | 0 ||| qw: God list: Okawaru
     0 | D:1      | 0 ||| qw: Allow faded altars: false
     0 | D:1      | 0 ||| qw: Do Orc after clearing Dungeon:15 true
     0 | D:1      | 0 ||| qw: Do second Lair branch before Depths: true
     0 | D:1      | 0 ||| qw: Lair rune preference: random
     0 | D:1      | 0 ||| qw: Goals: Normal
     0 | D:1      | 0 ||| PLANNING D:1-11
   182 | D:1      | Reached XP level 2. HP: 16/16 MP: 3/3
   274 | D:1      | Reached skill level 3 in Ranged Weapons
   599 | D:1      | 599 ||| UPGRADING to +0 leather armour.
   609 | D:1      | 609 ||| DROPPING +0 robe.
   610 | D:1      | 610 ||| UPGRADING to +0 pair of gloves.
   615 | D:1      | 615 ||| DROPPING ring of magical power.
   616 | D:1      | 616 ||| READING scroll labelled HAWEXATHY.
   617 | D:1      | 617 ||| DROPPING scroll of poison.
   727 | D:2      | 727 ||| READING scroll of enchant armour.
   727 | D:2      | 727 ||| ENCHANTING +0 pair of gloves.
   787 | D:2      | Reached XP level 3. HP: 22/22 MP: 4/4
  1034 | D:2      | Reached XP level 4. HP: 27/27 MP: 5/5
  1159 | D:2      | Reached skill level 4 in Ranged Weapons
  1433 | D:2      | 1433 ||| UPGRADING to ring of willpower.
  1544 | D:3      | You fall into a shaft and drop 1 floor!
  1621 | D:4      | HP: 5/27 [sleepcap (7)]
  1628 | D:4      | Reached XP level 5. HP: 4/31 MP: 6/6
  1806 | D:3      | Reached skill level 5 in Ranged Weapons
  1806 | D:3      | HP: 7/31 [gnoll/+0 spear (3)]
  1807 | D:3      | Slain by a gnoll

Levels and vault maps discovered:
D:1:      onia_arrival_mini_maze_b, layout_rooms, st_stairs_6
D:2:      layout_basic
D:3:      layout_rooms, nicolae_goblin_pals
D:4:      layout_cave_pods, roderic_nine_men_s_morris, amcnicky_mini_pool_small,
          uniq_natasha

Skill      XL: |  1  2  3  4  5 |
---------------+----------------+-----
Ranged Weapons | 3 4 5 |  5.0
Fighting       | 2 |  2.3
Dodging        | |  1.5
Spellcasting   | |  1.0
Hexes          | |  2.6

Action                     |  1- 3 |  4- 6 || total
---------------------------+-------+-------++-------
   Fire: Sling             |    99 |    76 ||   175
    Use: Scroll            |     2 |       ||     2
 Armour: Leather armour    |    13 |    15 ||    28
         Robe              |     2 |       ||     2
  Dodge: Dodged            |    31 |    30 ||    61

Table legend:
 A = Non-vault XP
 B = Vault XP
 C = Vault XP percentage of total XP
 D = Non-vault monster count
 E = Vault monster count
 F = Vault count percentage of total count
                 A         B        C        D         E       F
            +---------+---------+-------+---------+---------+-------
      Total |     223 |       2 |   0.9 |      43 |       2 |   4.4
            +---------+---------+-------+---------+---------+-------
        D:1 |      22 |       2 |   8.3 |      12 |       2 |  14.3
        D:2 |      93 |       0 |   0.0 |      19 |       0 |   0.0
        D:3 |      25 |       0 |   0.0 |       8 |       0 |   0.0
        D:4 |      83 |       0 |   0.0 |       4 |       0 |   0.0
            +---------+---------+-------+---------+---------+-------
